 Dungeon Crawl Stone Soup version 0.30-a0-137-gd8773701ce (webtiles) character file.

Game seed: 10186743615202668598

66 billz999 the Ogre Mage (level 4, 0/39 HPs)
             Began as an Ogre Air Elementalist on Sept 21, 2022.
             Slain by an ogre
             ... wielding a +0 giant spiked club
              (39 damage)
             ... on level 3 of the Dungeon.
             The game lasted 00:05:53 (2755 turns).

billz999 the Ogre Mage (Ogre Air Elementalist)      Turns: 2755, Time: 00:05:54

Health: 0/39       AC:  3    Str: 12    XL:     4   Next: 15%
Magic:  1/9        EV:  9    Int: 18    God:
Gold:   170        SH:  0    Dex:  9    Spells: 2/10 levels left

rFire   . . .      SeeInvis .    q - +1 flail (vorpal)
rCold   . . .      Faith    .    (no shield)
rNeg    . . .      Spirit   .    a - +0 robe
rPois   .          Reflect  .    (helmet restricted)
rElec   .          Harm     .    (no cloak)
rCorr   .          Rampage  .    (gloves unavailable)
Will    .....                    (boots unavailable)
Stlth   +.........               (no amulet)
HPRegen 0.13/turn                i - ring of wizardry
MPRegen 0.11/turn                (no ring)

@: no status effects
A: large, unfitting armour, tough skin 1
a: no special abilities


You were on level 3 of the Dungeon.
You visited 1 branch of the dungeon, and saw 3 of its levels.

You collected 170 gold pieces.

Inventory:

Hand Weapons
 g - a +0 club
 q - a +1 vorpal flail (weapon)
Armour
 a - a +0 robe (worn)
 d - a +0 buckler
Jewellery
 i - a ring of wizardry (left hand)
 o - a ring of fire
 p - an amulet of magic regeneration
Scrolls
 f - a scroll of noise {unknown}
 h - a scroll of butterflies {unknown}
 k - 2 scrolls of identify {unknown}
 l - a scroll of teleportation {unknown}
 m - 2 scrolls of torment {unknown}
 r - a scroll of magic mapping {unknown}
 s - a scroll of vulnerability {unknown}
Potions
 b - a potion of magic
 c - 3 potions of curing {unknown}
 e - a potion of degeneration {unknown}
 j - 2 potions of attraction {unknown}
 n - a potion of mutation {unknown}
 t - a potion of brilliance {unknown}


   Skills:
 - Level 1.7 Dodging
 - Level 1.4 Stealth
 * Level 3.8 Spellcasting
 + Level 1.8 Conjurations
 + Level 3.2 Air Magic


You had 2 spell levels left.
You knew the following spells:

 Your Spells              Type           Power      Damage    Failure   Level
a - Shock                 Conj/Air       48%        1d6       2%          1
b - Airstrike             Air            7%         2d(2-18)  16%         4
c - Swiftness             Air            15%        N/A       4%          3

Your spell library contained the following spells:

 Spells                   Type           Power      Damage    Failure   Level
 Static Discharge         Conj/Air       24%        2-3/arc   3%          2


Dungeon Overview and Level Annotations

Branches:
Dungeon (3/15)

Altars:

Shops:
D:2 *


Innate Abilities, Weirdness & Mutations

You are too large for most types of armour.
You have tough skin. (AC +1)


Message History

Casting: Shock (safe; 2% risk of failure)
Confirm with . or Enter, or press ? or * to list all spells.
Aiming: Shock (safe; 2% risk of failure)
Press: ? - help, Shift-Dir - straight line, f/p - ogre
Aim: an ogre, wielding a +0 giant spiked club (lightly wounded, 85% to hit)
The zap hits the ogre.
The ogre is lightly wounded.
Casting: Shock (safe; 2% risk of failure)
Confirm with . or Enter, or press ? or * to list all spells.
Okay, then.
Casting: Shock (safe; 2% risk of failure)
Confirm with . or Enter, or press ? or * to list all spells.
Okay, then.
Unknown command.
Casting: Shock (safe; 2% risk of failure)
Confirm with . or Enter, or press ? or * to list all spells.
Okay, then.
Casting: Shock (safe; 2% risk of failure)
Confirm with . or Enter, or press ? or * to list all spells.
The spell is quite dangerous to miscast (16% risk of failure)!
Continue anyway?
Okay, then.
Casting: Airstrike (quite dangerous; 16% risk of failure)
Confirm with . or Enter, or press ? or * to list all spells.
The spell is quite dangerous to miscast (16% risk of failure)!
Continue anyway?
Aiming: Airstrike (quite dangerous; 16% risk of failure)
Press: ? - help, Dir - move target, f/p - ogre
Aim: an ogre, wielding a +0 giant spiked club (lightly wounded, empty space bonus: 2/8)
The air twists around and strikes the ogre.
The ogre is moderately wounded.
There is an open door here.
Casting: Airstrike (quite dangerous; 16% risk of failure)
Confirm with . or Enter, or press ? or * to list all spells.
Aiming: Shock (safe; 2% risk of failure)
Press: ? - help, Shift-Dir - straight line, p - ogre The zap hits the ogre.
The ogre is moderately wounded.
The zap misses the ogre.
The ogre hits you with a +0 giant spiked club!!!
Ouch! That really hurt!
You die...

#.####...##.......
#.# .....##.......
#.#......##.......
#.#......##.######
#.#......##.# #
#.#......##.# #
#.#......##.. #
#.#...# # #@#...#
# #.O...+ ###...#
..........+ #..#
########### #...
#.#.


You could see an ogre.

Vanquished Creatures
  2 adders
  A worm (D:3)
  2 dart slugs
  5 orcs
  An endoplasm (D:3)
  A giant cockroach (D:1)
  4 goblins
  2 hobgoblins
  4 quokkas
  3 ball pythons
  2 bats
  2 frilled lizards
  3 kobolds
  5 rats
37 creatures vanquished.

Notes
Turn   | Place    | Note
-------+----------+-------------------------------------------
     0 | D:1      | billz999 the Ogre Air Elementalist began the quest for the
                  | Orb.
     0 | D:1      | Reached XP level 1. HP: 16/16 MP: 3/3
   148 | D:1      | Reached skill level 1 in Conjurations
   316 | D:1      | Reached XP level 2. HP: 24/24 MP: 3/5
   486 | D:1      | Found a faded altar of an unknown god.
   633 | D:1      | You fall into a shaft and drop 1 floor!
   733 | D:2      | Found Geaghorr's General Store.
  1148 | D:2      | Reached XP level 3. HP: 31/31 MP: 1/7
  2214 | D:3      | Reached XP level 4. HP: 39/39 MP: 4/9
  2539 | D:3      | Learned a level 4 spell: Airstrike
  2543 | D:3      | Learned a level 3 spell: Swiftness
  2748 | D:3      | Noticed an ogre
  2755 | D:3      | Slain by an ogre

Illustrated notes

Levels and vault maps discovered:
D:1:      matt_arrival_los_fun, layout_basic,
          hellmonk_ecumenical_altar_inner_sanctum
D:2:      layout_loops_cross, serial_shops, shop, columned_hall_lemuel
D:3:      layout_basic, minmay_misc_feat_hallway

Skill      XL: |  1  2 |
---------------+-------+-----
Conjurations   | 1 |  1.8
Spellcasting   | 3 |  3.8
Air Magic      | 3 |  3.2
Dodging        | |  1.7
Stealth        | |  1.4

Action                   |  1- 3 |  4- 6 || total
-------------------------+-------+-------++-------
Melee: Club              |     5 |       ||     5
       Flail             |     1 |       ||     1
 Cast: Shock             |    70 |    10 ||    80
       Airstrike         |       |     1 ||     1
Armor: Robe              |     4 |       ||     4
Dodge: Dodged            |    11 |       ||    11

Table legend: (Time is in decaauts)
 A = Elapsed time spent in this place.
 B = Non-inter-level travel time spent in this place.
 C = Inter-level travel time spent in this place.
 D = Time resting spent in this place.
 E = Time spent auto-exploring this place.
 F = Levels seen in this place.
 G = Mean time per level.
                   A        B        C        D        E       F      G
               +--------+--------+--------+--------+--------+-----+--------+
         Total |   2757 |   2673 |     84 |    313 |   2145 |   3 |  919.0 |
       Dungeon |   2757 |   2673 |     84 |    313 |   2145 |   3 |  919.0 |
               +--------+--------+--------+--------+--------+-----+--------+

Top non-repeatable levels by time:
     D:1: 1155 daAuts
     D:2: 871 daAuts
     D:3: 730 daAuts
